cohdb
Replays
Latest Replays
All Replays
Popular Replays
Top Player Replays
Match Explorer
How It Works
Community
CoH3 Stats
Reddit
Sign in to upload your games and track your stats! →
Sign in with Steam
Match 42487966
Unlisted
Match 42487966
Overview
Messages
Build Orders
End
Kettenkrad Recon Vehicle
Construct Infanterie Kompanie
Selects Terror Battlegroup
Selects Machine Gun Camouflage
MG 42 Machine Gun Team
Grenadier Squad
MG 42 Machine Gun Team
Grenadier Squad
Construct Panzergrenadier Kompanie
Pak 40 Anti-tank Gun Team
251 Medium Carrier
Panzergrenadier Squad
Panzergrenadier Squad
Construct Panzer Kompanie
Selects Defend the Fatherland
Panzer IV Medium Tank
Side Skirts
Panzer Officer Quarters
Selects King Tiger Heavy Tank
Karadoc
Team saupiquet
LeMounky
BertsArmy
jintoni
camkool
0
0
Comments
sign in to comment!
No comments posted yet!